 Dungeon Crawl Stone Soup version 0.29-a0-490-g77b3608bb8 (webtiles) character file.

Game seed: 9074537833416764408

497 siradein the Skirmisher (level 7, -2/76 HPs)
             Began as an Ogre Berserker on May 26, 2022.
             Was a Believer of Trog.
             Slain by an iguana (7 damage)
             ... on level 4 of the Dungeon.
             The game lasted 00:15:51 (4598 turns).

siradein the Skirmisher (Ogre Berserker)            Turns: 4598, Time: 00:15:51

Health: -2/76      AC:  4    Str: 24    XL:     7   Next: 15%
Magic:  7/7        EV: 10    Int:  8    God:    Trog [**....]
Gold:   146        SH:  0    Dex:  8    Spells: 6/6 levels left

rFire   . . .      SeeInvis .   a - +0 spear
rCold   . . .      Faith    .   (no shield)
rNeg    . . .      Spirit   .   b - +0 animal skin
rPois   .          Reflect  .   (helmet restricted)
rElec   .          Harm     .   r - +0 cloak
rCorr   .          Rampage  .   (gloves unavailable)
Will    .....                   (boots unavailable)
Stlth   +.........              (no amulet)
HPRegen 0.22/turn               (no ring)
MPRegen 0.10/turn               (no ring)

@: on berserk cooldown, slowed, very slow
A: large, unfitting armour, tough skin 1
a: Renounce Religion, Berserk, Trog's Hand


You were on level 4 of the Dungeon.
You worshipped Trog.
Trog was pleased with you.
You visited 1 branch of the dungeon, and saw 4 of its levels.

You collected 168 gold pieces.
You spent 22 gold pieces at shops.

Inventory:

Hand Weapons
 a - a +0 spear (weapon)
Missiles
 l - 108 stones (quivered)
Armour
 b - a +0 animal skin (worn)
 r - a +0 cloak (worn)
Scrolls
 f - 2 scrolls of teleportation
 h - a scroll of fog
 i - a scroll of immolation
 j - a scroll of poison {unknown}
 k - a scroll of fear {unknown}
 p - a scroll of blinking {unknown}
 s - 2 scrolls of magic mapping {unknown}
 t - a scroll of amnesia {unknown}
 v - a scroll of vulnerability {unknown}
Potions
 c - 2 potions of attraction {unknown}
 d - 2 potions of might
 e - a potion of heal wounds
 g - 2 potions of berserk rage {unknown}
 m - a potion of magic {unknown}
 n - 2 potions of brilliance {unknown}
 o - 5 potions of invisibility {unknown}
 q - a potion of flight {unknown}
 u - a potion of resistance {unknown}


   Skills:
 + Level 6.8 Fighting
 + Level 5.1 Polearms
 + Level 4.6 Dodging


You had 6 spell levels left.
You didn't know any spells.
Your spell library was empty.

Dungeon Overview and Level Annotations

Branches:
Dungeon (4/15)
 Temple: D:4-7

Altars:
Yredelemnul
Zin

Shops:
D:3 ?!??(


Innate Abilities, Weirdness & Mutations

You are too large for most types of armour.
You have tough skin. (AC +1)


Message History

The iguana bites you!
You hit the iguana but do no damage.
The iguana is heavily wounded.
The iguana bites you!
You hit the iguana but do no damage.
The iguana is heavily wounded.
The iguana barely misses you.
The iguana bites you but does no damage.
You hit the iguana but do no damage.
The iguana is heavily wounded.
The iguana bites you!
* * * LOW HITPOINT WARNING * * *
You hit the iguana.
The iguana is heavily wounded.
The iguana bites you.
* * * LOW HITPOINT WARNING * * *
You puncture the iguana!
You kill the iguana!
Trog accepts your kill.
The iguana bites you but does no damage.
You hit the iguana but do no damage. The iguana closely misses you.
You hit the iguana but do no damage. The iguana bites you.
* * * LOW HITPOINT WARNING * * *
You barely miss the iguana. The iguana bites you!
* * * LOW HITPOINT WARNING * * *
The iguana bites you but does no damage.
You hit the iguana. You punch the iguana, but do no damage.
The iguana is moderately wounded.
The iguana bites you.
* * * LOW HITPOINT WARNING * * *
You closely miss the iguana.
The iguana is moderately wounded.
The iguana closely misses you.
You hit the iguana but do no damage.
The iguana is moderately wounded.
The iguana barely misses you.
You barely miss the iguana.
The iguana is moderately wounded.
The iguana bites you!
You die...

. #.#.# ##.##........
....###.#.####
#.#####.####
#..........####...###.###
######...#..............##
#.#.######.#####.#...
###.#####..# #..... ####
#....##.## #####. .....
#####....# #####..
......#.l@....### #.....#
.......)####....####.#####
.......########......#
....... #......######
.>..... ####...## .......
##...## .......
.####...######## .......
#................ .......
#######...#######


You could see an iguana.

Vanquished Creatures
  A phantom (D:4)
  3 scorpions
  2 orc priests
  An iguana (D:4)
  2 orc wizards
  2 adders
  4 dart slugs
  4 orcs
  4 ball pythons
  6 endoplasms
  6 giant cockroaches
  8 hobgoblins
  3 jackals (D:1)
  6 quokkas
  9 bats
  5 frilled lizards
  11 goblins
  4 kobolds
  6 rats
87 creatures vanquished.

Notes
Turn   | Place    | Note
-------+----------+-------------------------------------------
     0 | D:1      | siradein the Ogre Berserker began the quest for the Orb.
     0 | D:1      | Reached XP level 1. HP: 24/24 MP: 1/1
   205 | D:1      | Reached XP level 2. HP: 32/32 MP: 2/2
   525 | D:1      | Reached XP level 3. HP: 40/40 MP: 3/3
   762 | D:1      | Reached ** piety under Trog
  1043 | D:1      | Found a faded altar of an unknown god.
  1618 | D:2      | Reached XP level 4. HP: 49/49 MP: 4/4
  1619 | D:2      | Reached skill level 5 in Fighting
  2225 | D:3      | Noticed a scorpion
  2234 | D:3      | Killed a scorpion
  2235 | D:3      | Reached XP level 5. HP: 57/57 MP: 5/5
  2505 | D:3      | Found a basalt altar of Yredelemnul.
  2786 | D:3      | Found Roenuys's Magic Scroll Emporium.
  2796 | D:3      | Bought a scroll of identify for 22 gold pieces
  2815 | D:3      | Found Ubexzivon's Weapon Emporium.
  3079 | D:3      | Found Qemelo Xewe's Magic Scroll Shoppe.
  3386 | D:3      | Found a glowing silver altar of Zin.
  3418 | D:3      | Found Sijuor's Magic Scroll Shop.
  3494 | D:3      | Found Gejeo's Distillery.
  3529 | D:4      | Reached skill level 6 in Fighting
  3529 | D:4      | Reached XP level 6. HP: 25/67 MP: 6/6
  4575 | D:4      | Reached skill level 5 in Polearms
  4575 | D:4      | Reached XP level 7. HP: 76/76 MP: 7/7
  4598 | D:4      | Slain by an iguana

Illustrated notes

Levels and vault maps discovered:
D:1:      dpeg_arrival_shelter, layout_loops_corners,
          hellmonk_ecumenical_altar_inner_sanctum
D:2:      layout_loops_ring
D:3:      minmay_diamond_boxcup, layout_loops_ring, lemuel_tele_altar,
          old_standard_altar, serial_shops, shop, shop,
          nicolae_shop_behind_doors, nicolae_shop_behind_doors, shop
D:4:      layout_rooms

Skill      XL: |  1  2  3  4  5  6 |
---------------+-------------------+-----
Dodging        | 3 4 |  4.6
Fighting       | 5 6 |  6.8
Polearms       | 4 5 |  5.1

Action                   |  1- 3 |  4- 6 |  7- 9 || total
-------------------------+-------+-------+-------++-------
Melee: Spear             |   148 |   250 |    18 ||   416
       Punch             |     1 |     2 |     1 ||     4
Throw: Stone             |       |     2 |       ||     2
Invok: Berserk           |       |     5 |       ||     5
  Use: Scroll            |     1 |     3 |       ||     4
 Stab: Sleeping          |       |     1 |       ||     1
Armor: Animal skin       |    36 |    49 |     4 ||    89
Dodge: Dodged            |    55 |    92 |     6 ||   153

Table legend: (Time is in decaauts)
 A = Elapsed time spent in this place.
 B = Non-inter-level travel time spent in this place.
 C = Inter-level travel time spent in this place.
 D = Time resting spent in this place.
 E = Time spent auto-exploring this place.
 F = Levels seen in this place.
 G = Mean time per level.
                   A        B        C        D        E       F      G
               +--------+--------+--------+--------+--------+-----+--------+
         Total |   4606 |   4547 |     59 |    525 |   3241 |   4 | 1151.5 |
       Dungeon |   4606 |   4547 |     59 |    525 |   3241 |   4 | 1151.5 |
               +--------+--------+--------+--------+--------+-----+--------+

Top non-repeatable levels by time:
     D:3: 1471 daAuts
     D:1: 1313 daAuts
     D:2: 988 daAuts
     D:4: 832 daAuts
